Workbook

Sheet 收支预算总表
A2: 收支预算总表
A3: 填报单位:[011]南昌市青云谱区商务局(部门) , [011001]南昌市青云谱区商务局 , [011003]南昌市青云谱区中小商贸流通企业服务中心 | D3: 单位：万元
A4: 收 入 | C4: 支出
A5: 项目 | B5: 预算数 | C5: 项目(按支出功能科目类级) | D5: 预算数
A6: 一、财政拨款收入 | B6: =IF(ISBLANK(SUM(B7,B8,B9))," ",SUM(B7,B8,B9)) -> 1765.4223 | C6: =IF(ISBLANK('支出总表（引用）'!A8)," ",'支出总表（引用）'!A8) -> 一般公共服务支出 | D6: =IF(ISBLANK('支出总表（引用）'!B8)," ",'支出总表（引用）'!B8) -> 2675.0051
A7: （一）一般公共预算收入 | B7: 1765.4223 | C7: =IF(ISBLANK('支出总表（引用）'!A9)," ",'支出总表（引用）'!A9) -> 社会保障和就业支出 | D7: =IF(ISBLANK('支出总表（引用）'!B9)," ",'支出总表（引用）'!B9) -> 2.593
A8: （二）政府性基金预算收入 | C8: =IF(ISBLANK('支出总表（引用）'!A10)," ",'支出总表（引用）'!A10) -> 住房保障支出 | D8: =IF(ISBLANK('支出总表（引用）'!B10)," ",'支出总表（引用）'!B10) -> 17.8242
A9: （三）国有资本经营预算收入 | C9: =IF(ISBLANK('支出总表（引用）'!A11)," ",'支出总表（引用）'!A11) | D9: =IF(ISBLANK('支出总表（引用）'!B11)," ",'支出总表（引用）'!B11)
A10: 二、教育收费资金收入 | C10: =IF(ISBLANK('支出总表（引用）'!A12)," ",'支出总表（引用）'!A12) | D10: =IF(ISBLANK('支出总表（引用）'!B12)," ",'支出总表（引用）'!B12)
A11: 三、事业收入 | C11: =IF(ISBLANK('支出总表（引用）'!A13)," ",'支出总表（引用）'!A13) | D11: =IF(ISBLANK('支出总表（引用）'!B13)," ",'支出总表（引用）'!B13)
A12: 四、事业单位经营收入 | C12: =IF(ISBLANK('支出总表（引用）'!A14)," ",'支出总表（引用）'!A14) | D12: =IF(ISBLANK('支出总表（引用）'!B14)," ",'支出总表（引用）'!B14)
A13: 五、附属单位上缴收入 | C13: =IF(ISBLANK('支出总表（引用）'!A15)," ",'支出总表（引用）'!A15) | D13: =IF(ISBLANK('支出总表（引用）'!B15)," ",'支出总表（引用）'!B15)
A14: 六、上级补助收入 | C14: =IF(ISBLANK('支出总表（引用）'!A16)," ",'支出总表（引用）'!A16) | D14: =IF(ISBLANK('支出总表（引用）'!B16)," ",'支出总表（引用）'!B16)
A15: 七、其他收入 | B15: 930 | C15: =IF(ISBLANK('支出总表（引用）'!A17)," ",'支出总表（引用）'!A17) | D15: =IF(ISBLANK('支出总表（引用）'!B17)," ",'支出总表（引用）'!B17)
C16: =IF(ISBLANK('支出总表（引用）'!A18)," ",'支出总表（引用）'!A18) | D16: =IF(ISBLANK('支出总表（引用）'!B18)," ",'支出总表（引用）'!B18)
C17: =IF(ISBLANK('支出总表（引用）'!A19)," ",'支出总表（引用）'!A19) | D17: =IF(ISBLANK('支出总表（引用）'!B19)," ",'支出总表（引用）'!B19)
C18: =IF(ISBLANK('支出总表（引用）'!A20)," ",'支出总表（引用）'!A20) | D18: =IF(ISBLANK('支出总表（引用）'!B20)," ",'支出总表（引用）'!B20)
C19: =IF(ISBLANK('支出总表（引用）'!A21)," ",'支出总表（引用）'!A21) | D19: =IF(ISBLANK('支出总表（引用）'!B21)," ",'支出总表（引用）'!B21)
C20: =IF(ISBLANK('支出总表（引用）'!A22)," ",'支出总表（引用）'!A22) | D20: =IF(ISBLANK('支出总表（引用）'!B22)," ",'支出总表（引用）'!B22)
C21: =IF(ISBLANK('支出总表（引用）'!A23)," ",'支出总表（引用）'!A23) | D21: =IF(ISBLANK('支出总表（引用）'!B23)," ",'支出总表（引用）'!B23)
C22: =IF(ISBLANK('支出总表（引用）'!A24)," ",'支出总表（引用）'!A24) | D22: =IF(ISBLANK('支出总表（引用）'!B24)," ",'支出总表（引用）'!B24)
C23: =IF(ISBLANK('支出总表（引用）'!A25)," ",'支出总表（引用）'!A25) | D23: =IF(ISBLANK('支出总表（引用）'!B25)," ",'支出总表（引用）'!B25)
C24: =IF(ISBLANK('支出总表（引用）'!A26)," ",'支出总表（引用）'!A26) | D24: =IF(ISBLANK('支出总表（引用）'!B26)," ",'支出总表（引用）'!B26)
C25: =IF(ISBLANK('支出总表（引用）'!A27)," ",'支出总表（引用）'!A27) | D25: =IF(ISBLANK('支出总表（引用）'!B27)," ",'支出总表（引用）'!B27)
C26: =IF(ISBLANK('支出总表（引用）'!A28)," ",'支出总表（引用）'!A28) | D26: =IF(ISBLANK('支出总表（引用）'!B28)," ",'支出总表（引用）'!B28)
C27: =IF(ISBLANK('支出总表（引用）'!A29)," ",'支出总表（引用）'!A29) | D27: =IF(ISBLANK('支出总表（引用）'!B29)," ",'支出总表（引用）'!B29)
... C47: =IF(ISBLANK('支出总表（引用）'!A49)," ",'支出总表（引用）'!A49) | D47: =IF(ISBLANK('支出总表（引用）'!B49)," ",'支出总表（引用）'!B49)
A49: 本年收入合计 | B49: 2695.4223 | C49: 本年支出合计 | D49: =IF(ISBLANK('支出总表（引用）'!B7)," ",'支出总表（引用）'!B7) -> 2695.4223
A50: 八、使用非财政拨款结余 | C50: 结转下年 | D50: =IF(ISBLANK('支出总表（引用）'!C7)," ",'支出总表（引用）'!C7)
A51: 九、上年结转（结余）
A53: 收入总计 | B53: 2695.4223 | C53: 支出总计 | D53: =B53 -> 2695.4223

Sheet 部门收入总表
A2: 部门收入总表
A3: [011]南昌市青云谱区商务局(部门) , [011001]南昌市青云谱区商务局 , [011003]南昌市青云谱区中小商贸流通企业服务中心 | O3: 单位：万元
A4: 功能科目编码 | B4: 功能科目名称 | C4: 合计 | D4: 上年结转 | E4: 财政拨款 | I4: 教育收费资金收入 | J4: 事业收入 | K4: 事业单位经营收入 | L4: 附属单位上缴收入 | M4: 上级补助收入 | N4: 其他收入 | O4: 使用非财政拨款结余
E5: 小计 | F5: 一般公共预算拨款收入 | G5: 政府性基金预算拨款收入 | H5: 国有资本经营预算收入
A6: ** | B6: ** | C6: 1 | D6: =C6+1 -> 2 | E6: =D6+1 -> 3 | F6: =E6+1 -> 4 | G6: =F6+1 -> 5 | H6: 2 | I6: =H6+1 -> 3 | J6: =I6+1 -> 4 | K6: =J6+1 -> 5 | L6: =K6+1 -> 6 | M6: =L6+1 -> 7 | N6: =M6+1 -> 8 | O6: =N6+1 -> 9
B7: 合计 | C7: 2695.4223 | E7: 1765.4223 | F7: 1765.4223 | N7: 930
A8: 201 | B8: 一般公共服务支出 | C8: 2675.0051 | E8: 1745.0051 | F8: 1745.0051 | N8: 930
A9: 13 | B9: 商贸事务 | C9: 2675.0051 | E9: 1745.0051 | F9: 1745.0051 | N9: 930
A10: 2011301 | B10: 行政运行 | C10: 645.2378 | E10: 645.2378 | F10: 645.2378
A11: 2011308 | B11: 招商引资 | C11: 50 | E11: 50 | F11: 50
A12: 2011350 | B12: 事业运行 | C12: 1245.9673 | E12: 765.9673 | F12: 765.9673 | N12: 480
A13: 2011399 | B13: 其他商贸事务支出 | C13: 733.8 | E13: 283.8 | F13: 283.8 | N13: 450
A14: 208 | B14: 社会保障和就业支出 | C14: 2.593 | E14: 2.593 | F14: 2.593
A15: 05 | B15: 行政事业单位养老支出 | C15: 2.593 | E15: 2.593 | F15: 2.593
A16: 2080501 | B16: 行政单位离退休 | C16: 2.593 | E16: 2.593 | F16: 2.593
A17: 221 | B17: 住房保障支出 | C17: 17.8242 | E17: 17.8242 | F17: 17.8242
A18: 02 | B18: 住房改革支出 | C18: 17.8242 | E18: 17.8242 | F18: 17.8242
A19: 2210201 | B19: 住房公积金 | C19: 17.8242 | E19: 17.8242 | F19: 17.8242

Sheet 部门支出总表
A2: 部门支出总表
A3: 填报单位[011]南昌市青云谱区商务局(部门) , [011001]南昌市青云谱区商务局 , [011003]南昌市青云谱区中小商贸流通企业服务中心 | E3: 单位：万元
A4: 支出功能分类科目 | C4: 合计 | D4: 基本支出 | E4: 项目支出
A5: 科目编码 | B5: 科目名称
A6: ** | B6: ** | C6: 1 | D6: =C6+1 -> 2 | E6: =D6+1 -> 3
B7: 合计 | C7: 2695.4223 | D7: 2593.6223 | E7: 101.8
A8: 201 | B8: 一般公共服务支出 | C8: 2675.0051 | D8: 2573.2051 | E8: 101.8
A9: 13 | B9: 商贸事务 | C9: 2675.0051 | D9: 2573.2051 | E9: 101.8
A10: 2011301 | B10: 行政运行 | C10: 645.2378 | D10: 645.2378
A11: 2011308 | B11: 招商引资 | C11: 50 | E11: 50
A12: 2011350 | B12: 事业运行 | C12: 1245.9673 | D12: 1194.1673 | E12: 51.8
A13: 2011399 | B13: 其他商贸事务支出 | C13: 733.8 | D13: 733.8
A14: 208 | B14: 社会保障和就业支出 | C14: 2.593 | D14: 2.593
A15: 05 | B15: 行政事业单位养老支出 | C15: 2.593 | D15: 2.593
A16: 2080501 | B16: 行政单位离退休 | C16: 2.593 | D16: 2.593
A17: 221 | B17: 住房保障支出 | C17: 17.8242 | D17: 17.8242
A18: 02 | B18: 住房改革支出 | C18: 17.8242 | D18: 17.8242
A19: 2210201 | B19: 住房公积金 | C19: 17.8242 | D19: 17.8242

Sheet 财拨收支总表
A2: 财政拨款收支总表
A3: [011]南昌市青云谱区商务局(部门) , [011001]南昌市青云谱区商务局 , [011003]南昌市青云谱区中小商贸流通企业服务中心 | G3: 单位：万元
A4: 收 入 | C4: 支出
A5: 项目 | B5: 预算数 | C5: 项目(按支出功能科目类级) | D5: 合计 | E5: 一般公共预算支出 | F5: 政府性基金预算支出 | G5: 国有资本经营预算支出
A6: 一、财政拨款收入 | B6: 1765.4223 | C6: 一、本年支出 | D6: =IF(ISBLANK('财拨总表（引用）'!B6)," ",'财拨总表（引用）'!B6) -> 1765.4223 | E6: =IF(ISBLANK('财拨总表（引用）'!C6)," ",'财拨总表（引用）'!C6) -> 1765.4223 | F6: =IF(ISBLANK('财拨总表（引用）'!D6)," ",'财拨总表（引用）'!D6) | G6: =IF(ISBLANK('财拨总表（引用）'!E6)," ",'财拨总表（引用）'!E6)
A7: 一般公共预算拨款收入 | B7: 1765.4223 | C7: =IF(ISBLANK('财拨总表（引用）'!A7)," ",'财拨总表（引用）'!A7) -> 一般公共服务支出 | D7: =IF(ISBLANK('财拨总表（引用）'!B7)," ",'财拨总表（引用）'!B7) -> 1745.0051 | E7: =IF(ISBLANK('财拨总表（引用）'!C7)," ",'财拨总表（引用）'!C7) -> 1745.0051 | F7: =IF(ISBLANK('财拨总表（引用）'!D7)," ",'财拨总表（引用）'!D7)
A8: 政府性基金预算拨款收入 | C8: =IF(ISBLANK('财拨总表（引用）'!A8)," ",'财拨总表（引用）'!A8) -> 社会保障和就业支出 | D8: =IF(ISBLANK('财拨总表（引用）'!B8)," ",'财拨总表（引用）'!B8) -> 2.593 | E8: =IF(ISBLANK('财拨总表（引用）'!C8)," ",'财拨总表（引用）'!C8) -> 2.593 | F8: =IF(ISBLANK('财拨总表（引用）'!D8)," ",'财拨总表（引用）'!D8)
A9: 国有资本经营预算收入 | C9: =IF(ISBLANK('财拨总表（引用）'!A9)," ",'财拨总表（引用）'!A9) -> 住房保障支出 | D9: =IF(ISBLANK('财拨总表（引用）'!B9)," ",'财拨总表（引用）'!B9) -> 17.8242 | E9: =IF(ISBLANK('财拨总表（引用）'!C9)," ",'财拨总表（引用）'!C9) -> 17.8242 | F9: =IF(ISBLANK('财拨总表（引用）'!D9)," ",'财拨总表（引用）'!D9)
C10: =IF(ISBLANK('财拨总表（引用）'!A10)," ",'财拨总表（引用）'!A10) | D10: =IF(ISBLANK('财拨总表（引用）'!B10)," ",'财拨总表（引用）'!B10) | E10: =IF(ISBLANK('财拨总表（引用）'!C10)," ",'财拨总表（引用）'!C10) | F10: =IF(ISBLANK('财拨总表（引用）'!D10)," ",'财拨总表（引用）'!D10)
C11: =IF(ISBLANK('财拨总表（引用）'!A11)," ",'财拨总表（引用）'!A11) | D11: =IF(ISBLANK('财拨总表（引用）'!B11)," ",'财拨总表（引用）'!B11) | E11: =IF(ISBLANK('财拨总表（引用）'!C11)," ",'财拨总表（引用）'!C11) | F11: =IF(ISBLANK('财拨总表（引用）'!D11)," ",'财拨总表（引用）'!D11)
C12: =IF(ISBLANK('财拨总表（引用）'!A12)," ",'财拨总表（引用）'!A12) | D12: =IF(ISBLANK('财拨总表（引用）'!B12)," ",'财拨总表（引用）'!B12) | E12: =IF(ISBLANK('财拨总表（引用）'!C12)," ",'财拨总表（引用）'!C12) | F12: =IF(ISBLANK('财拨总表（引用）'!D12)," ",'财拨总表（引用）'!D12)
C13: =IF(ISBLANK('财拨总表（引用）'!A13)," ",'财拨总表（引用）'!A13) | D13: =IF(ISBLANK('财拨总表（引用）'!B13)," ",'财拨总表（引用）'!B13) | E13: =IF(ISBLANK('财拨总表（引用）'!C13)," ",'财拨总表（引用）'!C13) | F13: =IF(ISBLANK('财拨总表（引用）'!D13)," ",'财拨总表（引用）'!D13)
C14: =IF(ISBLANK('财拨总表（引用）'!A14)," ",'财拨总表（引用）'!A14) | D14: =IF(ISBLANK('财拨总表（引用）'!B14)," ",'财拨总表（引用）'!B14) | E14: =IF(ISBLANK('财拨总表（引用）'!C14)," ",'财拨总表（引用）'!C14) | F14: =IF(ISBLANK('财拨总表（引用）'!D14)," ",'财拨总表（引用）'!D14)
C15: =IF(ISBLANK('财拨总表（引用）'!A15)," ",'财拨总表（引用）'!A15) | D15: =IF(ISBLANK('财拨总表（引用）'!B15)," ",'财拨总表（引用）'!B15) | E15: =IF(ISBLANK('财拨总表（引用）'!C15)," ",'财拨总表（引用）'!C15) | F15: =IF(ISBLANK('财拨总表（引用）'!D15)," ",'财拨总表（引用）'!D15)
C16: =IF(ISBLANK('财拨总表（引用）'!A16)," ",'财拨总表（引用）'!A16) | D16: =IF(ISBLANK('财拨总表（引用）'!B16)," ",'财拨总表（引用）'!B16) | E16: =IF(ISBLANK('财拨总表（引用）'!C16)," ",'财拨总表（引用）'!C16) | F16: =IF(ISBLANK('财拨总表（引用）'!D16)," ",'财拨总表（引用）'!D16)
C17: =IF(ISBLANK('财拨总表（引用）'!A17)," ",'财拨总表（引用）'!A17) | D17: =IF(ISBLANK('财拨总表（引用）'!B17)," ",'财拨总表（引用）'!B17) | E17: =IF(ISBLANK('财拨总表（引用）'!C17)," ",'财拨总表（引用）'!C17) | F17: =IF(ISBLANK('财拨总表（引用）'!D17)," ",'财拨总表（引用）'!D17)
C18: =IF(ISBLANK('财拨总表（引用）'!A18)," ",'财拨总表（引用）'!A18) | D18: =IF(ISBLANK('财拨总表（引用）'!B18)," ",'财拨总表（引用）'!B18) | E18: =IF(ISBLANK('财拨总表（引用）'!C18)," ",'财拨总表（引用）'!C18) | F18: =IF(ISBLANK('财拨总表（引用）'!D18)," ",'财拨总表（引用）'!D18)
C19: =IF(ISBLANK('财拨总表（引用）'!A19)," ",'财拨总表（引用）'!A19) | D19: =IF(ISBLANK('财拨总表（引用）'!B19)," ",'财拨总表（引用）'!B19) | E19: =IF(ISBLANK('财拨总表（引用）'!C19)," ",'财拨总表（引用）'!C19) | F19: =IF(ISBLANK('财拨总表（引用）'!D19)," ",'财拨总表（引用）'!D19)
C20: =IF(ISBLANK('财拨总表（引用）'!A20)," ",'财拨总表（引用）'!A20) | D20: =IF(ISBLANK('财拨总表（引用）'!B20)," ",'财拨总表（引用）'!B20) | E20: =IF(ISBLANK('财拨总表（引用）'!C20)," ",'财拨总表（引用）'!C20) | F20: =IF(ISBLANK('财拨总表（引用）'!D20)," ",'财拨总表（引用）'!D20)
C21: =IF(ISBLANK('财拨总表（引用）'!A21)," ",'财拨总表（引用）'!A21) | D21: =IF(ISBLANK('财拨总表（引用）'!B21)," ",'财拨总表（引用）'!B21) | E21: =IF(ISBLANK('财拨总表（引用）'!C21)," ",'财拨总表（引用）'!C21) | F21: =IF(ISBLANK('财拨总表（引用）'!D21)," ",'财拨总表（引用）'!D21)
... C46: =IF(ISBLANK('财拨总表（引用）'!A46)," ",'财拨总表（引用）'!A46) | D46: =IF(ISBLANK('财拨总表（引用）'!B46)," ",'财拨总表（引用）'!B46) | E46: =IF(ISBLANK('财拨总表（引用）'!C46)," ",'财拨总表（引用）'!C46) | F46: =IF(ISBLANK('财拨总表（引用）'!D46)," ",'财拨总表（引用）'!D46)
A47: 二、上年结转 | C47: 二、结转下年 | D47: =IF(ISBLANK('财拨总表（引用）'!B47)," ",'财拨总表（引用）'!B47) | E47: =IF(ISBLANK('财拨总表（引用）'!C47)," ",'财拨总表（引用）'!C47) | F47: =IF(ISBLANK('财拨总表（引用）'!D47)," ",'财拨总表（引用）'!D47)
A48: 一般公共预算拨款结转 | D48: =IF(ISBLANK('财拨总表（引用）'!B48)," ",'财拨总表（引用）'!B48) | E48: =IF(ISBLANK('财拨总表（引用）'!C48)," ",'财拨总表（引用）'!C48) | F48: =IF(ISBLANK('财拨总表（引用）'!D48)," ",'财拨总表（引用）'!D48)
A49: 政府性基金预算拨款结转 | D49: =IF(ISBLANK('财拨总表（引用）'!B49)," ",'财拨总表（引用）'!B49) | E49: =IF(ISBLANK('财拨总表（引用）'!C49)," ",'财拨总表（引用）'!C49) | F49: =IF(ISBLANK('财拨总表（引用）'!D49)," ",'财拨总表（引用）'!D49)
D50: =IF(ISBLANK('财拨总表（引用）'!B50)," ",'财拨总表（引用）'!B50) | E50: =IF(ISBLANK('财拨总表（引用）'!C50)," ",'财拨总表（引用）'!C50) | F50: =IF(ISBLANK('财拨总表（引用）'!D50)," ",'财拨总表（引用）'!D50)
D51: =IF(ISBLANK('财拨总表（引用）'!B51)," ",'财拨总表（引用）'!B51) | E51: =IF(ISBLANK('财拨总表（引用）'!C51)," ",'财拨总表（引用）'!C51) | F51: =IF(ISBLANK('财拨总表（引用）'!D51)," ",'财拨总表（引用）'!D51)
A52: 收入总计 | B52: 1765.4223 | C52: 支出总计 | D52: =IF(ISBLANK('财拨总表（引用）'!B6)," ",'财拨总表（引用）'!B6) -> 1765.4223 | E52: =IF(ISBLANK('财拨总表（引用）'!C6)," ",'财拨总表（引用）'!C6) -> 1765.4223 | F52: =IF(ISBLANK('财拨总表（引用）'!D6)," ",'财拨总表（引用）'!D6) | G52: =IF(ISBLANK('财拨总表（引用）'!E6)," ",'财拨总表（引用）'!E6)

Sheet 一般公共预算支出表
A2: 一般公共预算支出表
A3: [011]南昌市青云谱区商务局(部门) , [011001]南昌市青云谱区商务局 , [011003]南昌市青云谱区中小商贸流通企业服务中心 | E3: 单位：万元
A4: 支出功能分类科目 | C4: 2023年预算数
A5: 科目编码 | B5: 科目名称 | C5: 合计 | D5: 基本支出 | E5: 项目支出
A6: ** | B6: ** | C6: 1 | D6: =C6+1 -> 2 | E6: =D6+1 -> 3
B7: 合计 | C7: 1765.4223 | D7: 1663.6223 | E7: 101.8
A8: 201 | B8: 一般公共服务支出 | C8: 1745.0051 | D8: 1643.2051 | E8: 101.8
A9: 13 | B9: 商贸事务 | C9: 1745.0051 | D9: 1643.2051 | E9: 101.8
A10: 2011301 | B10: 行政运行 | C10: 645.2378 | D10: 645.2378
A11: 2011308 | B11: 招商引资 | C11: 50 | E11: 50
A12: 2011350 | B12: 事业运行 | C12: 765.9673 | D12: 714.1673 | E12: 51.8
A13: 2011399 | B13: 其他商贸事务支出 | C13: 283.8 | D13: 283.8
A14: 208 | B14: 社会保障和就业支出 | C14: 2.593 | D14: 2.593
A15: 05 | B15: 行政事业单位养老支出 | C15: 2.593 | D15: 2.593
A16: 2080501 | B16: 行政单位离退休 | C16: 2.593 | D16: 2.593
A17: 221 | B17: 住房保障支出 | C17: 17.8242 | D17: 17.8242
A18: 02 | B18: 住房改革支出 | C18: 17.8242 | D18: 17.8242
A19: 2210201 | B19: 住房公积金 | C19: 17.8242 | D19: 17.8242

Sheet 一般公共预算基本支出表
A2: 一般公共预算基本支出表
A3: [011]南昌市青云谱区商务局(部门) , [011001]南昌市青云谱区商务局 , [011003]南昌市青云谱区中小商贸流通企业服务中心 | E3: 单位：万元
A4: 支出经济分类科目 | C4: 2023年基本支出
A5: 科目编码 | B5: 科目名称 | C5: 合计 | D5: 人员经费 | E5: 公用经费
A6: ** | B6: ** | C6: 1 | D6: =C6+1 -> 2 | E6: =D6+1 -> 3
B7: 合计 | C7: 1663.6223 | D7: 626.2223 | E7: 1037.4
A8: 301 | B8: 工资福利支出 | C8: 623.6293 | D8: 623.6293
A9: 30101 | B9: 基本工资 | C9: 86.0736 | D9: 86.0736
A10: 30102 | B10: 津贴补贴 | C10: 35.3988 | D10: 35.3988
A11: 30103 | B11: 奖金 | C11: 73.4825 | D11: 73.4825
A12: 30106 | B12: 伙食补助费 | C12: 23 | D12: 23
A13: 30107 | B13: 绩效工资 | C13: 35.7012 | D13: 35.7012
A14: 30108 | B14: 机关事业单位基本养老保险缴费 | C14: 24.3227 | D14: 24.3227
A15: 30110 | B15: 职工基本医疗保险缴费 | C15: 19.7622 | D15: 19.7622
A16: 30112 | B16: 其他社会保障缴费 | C16: 1.4641 | D16: 1.4641
A17: 30113 | B17: 住房公积金 | C17: 62.8242 | D17: 62.8242
A18: 30199 | B18: 其他工资福利支出 | C18: 261.6 | D18: 261.6
A19: 302 | B19: 商品和服务支出 | C19: 979.4 | E19: 979.4
A20: 30201 | B20: 办公费 | C20: 11.5 | E20: 11.5
A21: 30202 | B21: 印刷费 | C21: 2 | E21: 2
A22: 30205 | B22: 水费 | C22: 3 | E22: 3
A23: 30206 | B23: 电费 | C23: 25.5 | E23: 25.5
A24: 30211 | B24: 差旅费 | C24: 1 | E24: 1
A25: 30212 | B25: 因公出国（境）费用 | C25: 16 | E25: 16
A26: 30213 | B26: 维修（护）费 | C26: 4.5 | E26: 4.5
A27: 30214 | B27: 租赁费 | C27: 550 | E27: 550
A28: 30215 | B28: 会议费 | C28: 15 | E28: 15
A29: 30217 | B29: 公务接待费 | C29: 4 | E29: 4
A30: 30218 | B30: 专用材料费 | C30: 20 | E30: 20
... A36: 30299 | B36: 其他商品和服务支出 | C36: 72 | E36: 72
A37: 303 | B37: 对个人和家庭的补助 | C37: 2.593 | D37: 2.593
A38: 30302 | B38: 退休费 | C38: 0.1276 | D38: 0.1276
A39: 30307 | B39: 医疗费补助 | C39: 1.3654 | D39: 1.3654
A40: 30399 | B40: 其他对个人和家庭的补助 | C40: 1.1 | D40: 1.1
A41: 310 | B41: 资本性支出 | C41: 58 | E41: 58
A42: 31002 | B42: 办公设备购置 | C42: 13 | E42: 13
A43: 31003 | B43: 专用设备购置 | C43: 45 | E43: 45

Sheet 财政拨款三公表
E1: 注：若为空表，则为该部门（单位）无“三公”经费支出
A2: 财政拨款“三公”经费支出表
A3: 填报单位[011]南昌市青云谱区商务局(部门) , [011001]南昌市青云谱区商务局 , [011003]南昌市青云谱区中小商贸流通企业服务中心 | G3: 单位：万元
A4: 部门编码 | B4: 部门名称 | C4: 合计 | D4: 因公出国(境)费 | E4: 公务接待费 | F4: 公务用车运行维护费 | G4: 公务用车购置
A6: ** | B6: ** | C6: 1 | D6: 2 | E6: 3 | F6: 4 | G6: 5
A7: 011 | B7: 南昌市青云谱区商务局(部门) | C7: 42 | D7: 18 | E7: 24

Sheet 政府性基金
D1: 注：若为空表，则为该部门（单位）无政府性基金收支
A2: 政府性基金预算支出表
E3: 单位：万元
A4: 支出功能分类科目 | C4: 2023年预算数
A5: 科目编码 | B5: 科目名称 | C5: 合计 | D5: 基本支出 | E5: 项目支出
A6: ** | B6: ** | C6: 1 | D6: =C6+1 -> 2 | E6: =D6+1 -> 3

Sheet 国有资本经营
C1: 注：若为空表，则为该部门（单位）无国有资本经营预算收支
A2: 国有资本经营预算支出表
A3: 填报单位:[011]南昌市青云谱区商务局(部门) , [011001]南昌市青云谱区商务局 , [011003]南昌市青云谱区中小商贸流通企业服务中心 | E3: 单位：万元
A4: 支出功能分类科目 | C4: 2023年预算数
A5: 科目编码 | B5: 科目名称 | C5: 合计 | D5: 基本支出 | E5: 项目支出
A6: ** | B6: ** | C6: 1 | D6: =C6+1 -> 2 | E6: =D6+1 -> 3

Sheet 支出总表（引用）
A2: 支出预算总表
A4: 科目名称 | B4: 合计 | C4: 结转下年
A6: ** | B6: 1 | C6: 2
A7: 合计 | B7: 2695.4223
A8: 一般公共服务支出 | B8: 2675.0051
A9: 社会保障和就业支出 | B9: 2.593
A10: 住房保障支出 | B10: 17.8242

Sheet 财拨总表（引用）
A1: 财政拨款预算表
A3: 科目名称 | B3: 财政拨款 | C3: 一般公共预算支出 | D3: 政府性基金预算支出 | E3: 国有资本经营预算
A5: ** | B5: 1 | C5: 2 | D5: 3 | E5: 4
A6: 合计 | B6: 1765.4223 | C6: 1765.4223
A7: 一般公共服务支出 | B7: 1745.0051 | C7: 1745.0051
A8: 社会保障和就业支出 | B8: 2.593 | C8: 2.593
A9: 住房保障支出 | B9: 17.8242 | C9: 17.8242

Sheet 项目支出绩效目标表（本级）
A1: 项目支出绩效目标表
A2: （2023年度）
A3: 项目名称 | C3: 招商引资经费
A4: 主管部门及代码 | C4: 011-南昌市青云谱区商务局(部门) | D4: 实施单位 | E4: 南昌市青云谱区商务局
A5: 项目资金 （万元） | C5: 年度资金总额 | D5: 50
C6: 其中：财政拨款 | D6: 50
C7: 其他资金 | D7: 0
C8: 上年结转 | D8: 0
A9: 年度绩效目标
A10: 推动全区经济发展
A11: 一级指标 | B11: 二级指标 | C11: 三级指标 | E11: 指标值
A12: 成本指标 | B12: 经济成本指标 | C12: 招商引资成本节约率 | E12: ≤5%
A13: 产出指标 | B13: 数量指标 | C13: 小分队外出招商 | E13: ≥10批次
C14: 接洽客商 | E14: ≥100批次
B15: 质量指标 | C15: 小分队招商流程规范性 | E15: ≥95%
C16: 接洽客商流程规范性 | E16: ≥95%
B17: 时效指标 | C17: 接洽客商、外出招商、商务接待及时率 | E17: ≥98%
A18: 效益指标 | B18: 经济效益指标 | C18: 招商引资签约项目累计金额 | E18: ≥60亿
B19: 社会效益指标 | C19: 提高社会群众就业率 | E19: ≥90%
A20: 满意度指标 | B20: 服务对象满意度 | C20: 服务客商及企业满意率 | E20: ≥95%

Sheet 项目支出绩效目标表（中小）
A1: 项目支出绩效目标表
A2: （2023年度）
A3: 项目名称 | C3: 征用场地定向补助款、南苑停车场管理费、弥补社保缺口、“青云小镇”电费亮化电费
A4: 主管部门及代码 | C4: 011-南昌市青云谱区商务局(部门) | D4: 实施单位 | E4: 南昌市青云谱区中小商贸流通企业服务中心
A5: 项目资金 （万元） | C5: 年度资金总额 | D5: 51.8
C6: 其中：财政拨款 | D6: 51.8
C7: 其他资金 | D7: 0
C8: 上年结转 | D8: 0
A9: 年度绩效目标
A10: 为了补助原物业站市场管理人员开支及日常经费不足，以及给商业街日常运营补贴，设立“2023年征用场地定向补助、南苑停车场管理费、弥补社保金缺口、“青云小镇”亮化电费”项目。
A11: 一级指标 | B11: 二级指标 | C11: 三级指标 | E11: 指标值
A12: 成本指标 | B12: 经济成本指标 | C12: 市场收入标准完成率 | E12: ＝100%
A13: 产出指标 | B13: 数量指标 | C13: 无照经营行为降低率 | E13: ≤10%
C14: 农产品质量检测合格率 | E14: ＝100%
C15: 公共卫生、车辆管理检查合格率 | E15: ≥95%
B16: 质量指标 | C16: 基础设施完好率 | E16: ≥95%
B17: 时效指标 | C17: 病媒生物防治工作完成及时性 | E17: ＝100%
C18: 环卫保洁工作及时性 | E18: ≥95%
C19: 日常市场巡查、保洁及时率 | E19: ≥95%
A20: 效益指标 | B20: 经济效益指标 | C20: 市场收入标准完成及时性 | E20: ＝100%
B21: 社会效益指标 | C21: 市场环境监测达标 | E21: ≥95%
C22: 日常管理合格率 | E22: ≥95%
B23: 生态效益指标 | C23: 农产品检测合格率 | E23: ＝100%
C24: 日常病媒生物防治工作完成率 | E24: ＝100%
C25: 消防设备数量配备达标率 | E25: ≥95%
A26: 满意度指标 | B26: 服务对象满意度 | C26: 满意度 | E26: ≥95%

Sheet 部门整体支出绩效目标表
A2: 部门整体支出绩效目标表
A3: （ 2023 年度）
A4: 部门名称 | B4: 南昌市青云谱区商务局(部门)
A5: 当年预算情况（万元）
A6: 收入预算合计 | D6: 2,695.42
A7: 其中：财政拨款 | D7: 635.42 | F7: 其他经费 | G7: 2,060
A8: 支出预算合计 | D8: 2,695.42
A9: 其中：基本支出 | D9: 2,593.62 | F9: 项目支出 | G9: 101.8
A10: 年度总体目标 | D10: 充分发挥区域优势，吸引企业入驻，带动区域经济发展。举办线上线下促消费系列活动，在全区营造浓厚消费氛围，按照管行业管安全要求，全面理顺工作职责，加强对商贸企业、农产品安全监管力度。
A11: 年度绩效指标
A12: 一级指标 | C12: 二级指标 | E12: 三级指标 | G12: 目标值
A13: 产出指标 | C13: 产出指标 | E13: 举办消费促进活动次数 | G13: ≥5次
E14: 完成项目招商个数 | G14: ≥20个
E15: 开展安全生产整治行动次数 | G15: ≥4次
E16: 全区限额以上社会消费品零售额 | G16: ≥170亿元
E17: 全区社会消费品零售总额 | G17: ≥290亿元
C18: 质量指标 | E18: 招商任务完成比 | G18: ≥95%
E19: 全区限额以上社会消费品零售额增速 | G19: ≥12%
E20: 全区社会消费品零售总额增速 | G20: ≥6%
E21: 举办消费促进活动成功率 | G21: ≥95%
E22: 安全生产隐患整改率 | G22: ≥95%
C23: 时效指标 | E23: 工作完成及时率 | G23: ≥95%
C24: 成本指标 | E24: 成本节约率 | G24: ≥5%
A25: 效益指标 | C25: 效益指标 | E25: 促进全区经济发展 | G25: 有效促进
C26: 社会效益指标 | E26: 维护市场安全生产 | G26: 有效维护
C27: 可持续影响指标 | E27: 带动经济可持续发展 | G27: 有效带动
A28: 满意度指标 | C28: 满意度指标 | E28: 企业满意度 | G28: ≥95%
E29: 社会群众满意度 | G29: ≥95%
